 Dungeon Crawl Stone Soup version 0.22.1-2-g9c5b331383 (webtiles) character file.

924 JGreham the Poker (level 7, 0/55 HPs)
             Began as a Demonspawn Chaos Knight on Dec 28, 2018.
             Slain by a wight
             ... wielding a +0 long sword
              (2 damage)
             ... on level 6 of the Dungeon.
             The game lasted 00:10:44 (3474 turns).

JGreham the Poker (Demonspawn Chaos Knight)         Turns: 3474, Time: 00:10:45

Health: 0/55       AC:  7    Str: 14      XL:     7   Next: 84%
Magic:  7/7        EV: 15    Int: 15 (16) God:    Xom [*.....]
Gold:   15         SH:  4    Dex: 12      Spells: 6/6 levels left

rFire    + . .     SeeInvis .   q - +0 flail (protect)
rCold    x . .     Gourm    .   (no shield)
rNeg     . . .     Faith    .   (no armour)
rPois    .         Spirit   .   (no helmet)
rElec    .         Reflect  +   (no cloak)
rCorr    +         Harm     .   (no gloves)
MR       .....                  (boots unavailable)
Stlth    ++........             j - +4 amulet of reflection
HPRegen  0.18/turn              n - ring of fire
MPRegen  0.10/turn              p - ring of resist corrosion

@: protection aura, heavily drained
A: talons 3, repulsion field 2, clever 1, deformed body, deterioration 1,
powered by pain 1
a: Renounce Religion


You were on level 6 of the Dungeon.
You worshipped Xom.
You were a special plaything of Xom.
You were very full.

You visited 1 branch of the dungeon, and saw 6 of its levels.

You collected 190 gold pieces.
You spent 175 gold pieces at shops.

Inventory:

Hand Weapons
 a - a +0 spear of chaos
 q - a +0 flail of protection (weapon)
Armour
 b - a +3 leather armour
 d - a +4 plate armour
Jewellery
 j - a +4 amulet of reflection (around neck)
 n - a ring of fire (left hand)
 p - a ring of resist corrosion (right hand)
Scrolls
 h - a scroll of identify
 k - 4 scrolls of remove curse
Potions
 f - a potion of resistance {unknown}
 g - 2 potions of agility
 l - a potion of invisibility
Comestibles
 c - 5 rations


   Skills:
 + Level 4.8(3.4) Fighting
 + Level 2.2(0.9) Maces & Flails
 + Level 5.4(4.0) Polearms
 + Level 3.2(1.9) Armour
 + Level 3.0(1.6) Dodging
 + Level 3.0(1.7) Stealth


You had 6 spell levels left.
You didn't know any spells.
Your spell library was empty.

Dungeon Overview and Level Annotations

Branches:
Dungeon (6/15)             Temple (0/1) D:6

Altars:
Hepliaklqana
Okawaru
Trog
Xom

Shops:
D:5 (


Innate Abilities, Weirdness & Mutations

You have claws for feet.
You are surrounded by a moderate repulsion field. (EV +3)
You sometimes gain a little power by taking damage.
Your mind is acute. (Int +2)
Armour fits poorly on your strangely shaped body.
Your body sometimes deteriorates upon taking damage.


Message History

The wight hits you with a long sword!
You feel drained. The wight hits you with a scimitar!
* * * LOW HITPOINT WARNING * * *
Your body deteriorates!
You feel dopey.
You feel drained.
* * * LOW HITPOINT WARNING * * *
You sock the wight!
You destroy the wight!
Your base Maces & Flails skill increases to level 2!
Xom's power touches on you for a moment.
Your body is wracked with pain!
* * * LOW HITPOINT WARNING * * *
The wight barely misses you.
You barely miss the wight. The wight hits you with a falchion.
* * * LOW HITPOINT WARNING * * *
You feel drained. The wight hits you with a long sword.
* * * LOW HITPOINT WARNING * * *
You feel drained.
You die...
Xom titters!

###.######.##
#........#
...........#
#...####.#
###.######.##
##.## ###.##
##[###.## .....#
##...## .....#
##..# ####.# ##.#
#.#########.###
####...........z@#
.....#########.#z#
####.# #.#.# #.#
#.#.# #.# #.#.#
#.# #.>....z.# #.#
#.#####z.# #.# #.
.# .. #


You could see 2 wights.

Vanquished Creatures
  A phantom (D:5)
  A black bear (D:6)
  An ogre (D:6)
  A crocodile (D:5)
  A bullfrog (D:6)
  A wight (D:6)
  3 crimson imps
  A centaur zombie (D:6)
  An orc wizard (D:5)
  2 hounds (D:5)
  5 worker ants
  A worker ant zombie (D:5)
  3 adders
  An ooze (D:1)
  An adder zombie (D:5)
  6 worms
  4 dart slugs
  4 leopard geckos
  4 orcs (D:5)
  5 giant cockroaches
  9 goblins
  2 hobgoblins
  3 quokkas
  5 bats
  2 frilled lizards
  5 kobolds
  2 quokka skeletons
  A quokka zombie (D:6)
  6 rats
82 creatures vanquished.

Notes
Turn   | Place    | Note
-------+----------+-------------------------------------------
     0 | D:1      | JGreham the Demonspawn Chaos Knight began the quest for the
                  | Orb.
     0 | D:1      | Reached XP level 1. HP: 18/18 MP: 1/1
   129 | D:1      | Gained mutation: You sometimes gain a little power by
                  | taking damage. [demonic ancestry]
   129 | D:1      | Reached XP level 2. HP: 24/24 MP: 2/2
   243 | D:1      | XOM: divination: detect items
   253 | D:1      | Reached skill level 3 in Polearms
   659 | D:2      | Reached skill level 1 in Dodging
   686 | D:2      | Gained mutation: You have sharp toenails. [demonic
                  | ancestry]
   686 | D:2      | Reached XP level 3. HP: 29/29 MP: 3/3
   970 | D:2      | XOM: harmless Tmut miscast
   991 | D:2      | XOM: divination: magic mapping
  1135 | D:2      | Gained mutation: You are surrounded by a mild repulsion
                  | field. (EV +2) [demonic ancestry]
  1135 | D:2      | Reached XP level 4. HP: 24/37 MP: 4/4
  1321 | D:2      | XOM: harmless Hex miscast
  1876 | D:3      | You fall through a shaft for 2 floors!
  1876 | D:5      | Entered Level 5 of the Dungeon
  1901 | D:5      | XOM: confuse monster(s)
  1916 | D:5      | Reached skill level 1 in Stealth
  1916 | D:5      | Reached XP level 5. HP: 33/42 MP: 5/5
  1927 | D:5      | Reached skill level 4 in Polearms
  2036 | D:5      | XOM: harmless Hex miscast
  2068 | D:5      | Noticed a phantom
  2070 | D:5      | XOM: potion effect (berserk rage)
  2076 | D:5      | Killed a phantom
  2076 | D:5      | Gained mutation: You have razor-sharp toenails. [demonic
                  | ancestry]
  2076 | D:5      | Reached XP level 6. HP: 48/48 MP: 6/6
  2146 | D:5      | XOM: harmless Fire miscast
  2282 | D:5      | XOM: god gift: ration
  2338 | D:5      | XOM: cast spell 'Ring of Flames'
  2349 | D:5      | XOM: noise
  2358 | D:5      | Reached skill level 5 in Polearms
  2363 | D:5      | Gained mutation: You have claws for feet. [demonic
                  | ancestry]
  2363 | D:5      | Reached XP level 7. HP: 35/55 MP: 7/7
  2453 | D:5      | XOM: summons 2 friendly demons
  2483 | D:5      | XOM: mild Pois miscast
  2485 | D:5      | Found a bloodstained altar of Trog.
  2554 | D:5      | Found Gihi's Antique Weapon Shoppe.
  2560 | D:5      | Bought a runed flail for 175 gold pieces
  2812 | D:5      | Found a shimmering altar of Xom.
  2814 | D:5      | Found a white marble altar of Elyvilon.
  2814 | D:5      | Found an iron altar of Okawaru.
  2816 | D:5      | Found a hide-covered altar of Uskayaw.
  2816 | D:5      | Found a hazy altar of Hepliaklqana.
  2816 | D:5      | Found a shimmering altar of Xom.
  2924 | D:6      | Found a staircase to the Ecumenical Temple.
  2953 | D:6      | XOM: medium Chrm miscast
  2967 | D:6      | XOM: 1-stop teleportation journey
  2999 | D:6      | Reached skill level 1 in Maces & Flails
  3035 | D:6      | XOM: give mutations
  3035 | D:6      | Gained mutation: Your mind is acute. (Int +2) [Xom's
                  | mischief]
  3035 | D:6      | Gained mutation: Armour fits poorly on your strangely
                  | shaped body. [Xom's mischief]
  3035 | D:6      | Gained mutation: You are surrounded by a moderate repulsion
                  | field. (EV +3) [Xom's mischief]
  3035 | D:6      | Gained mutation: Your body sometimes deteriorates upon
                  | taking damage. [Xom's mischief]
  3180 | D:5      | XOM: noise
  3437 | D:6      | XOM: 7-stop teleportation journey
  3473 | D:6      | XOM: torment (8/55 hp)
  3474 | D:6      | HP: 2/55 [wight/long sword (4)]
  3474 | D:6      | Slain by a wight

Skill      XL: |  1  2  3  4  5  6  7 |
---------------+----------------------+-----
Polearms       | 3 4 5 |  5.4
Dodging        | 1 2 3 |  3.0
Armour         | 2 3 |  3.2
Stealth        | 1 2 3 |  3.0
Fighting       | 4 |  4.8
Maces & Flails | 2 |  2.2

Action                   |  1- 3 |  4- 6 |  7- 9 || total
-------------------------+-------+-------+-------++-------
Melee: Spear             |    94 |   152 |     9 ||   255
       Kick              |    12 |    31 |    23 ||    66
       Flail             |       |       |    57 ||    57
  Use: Scroll            |     3 |     7 |     7 ||    17
       Potion            |     3 |     2 |     3 ||     8
 Stab: Petrifying        |     1 |     1 |       ||     2
       Sleeping          |     1 |     4 |     1 ||     6
       Paralysed         |     1 |       |       ||     1
       Confused          |       |     1 |       ||     1
  Eat: Chunk             |       |     3 |       ||     3
       Ration            |       |     1 |     3 ||     4
Armor: Leather armour    |    10 |    32 |    16 ||    58
Dodge: Dodged            |    27 |    71 |    72 ||   170
Block: Other             |     5 |    14 |    16 ||    35
